AoeStats
← IsabelSabe

African Clearing

510636898Analyzed
2v2 RM · 2d ago on Oct 1, 2026· 50m 38s· 4 players
Game mode
Random Map
Map size
Medium (4 player)
Population
200
Speed
Normal
Resources
Standard
Victory
Conquest
Starting age
Dark Age
Ending age
Imperial Age
RankedLock teamsTeams togetherTeam positionsShared explorationLock speedFull tech treeHidden civsTurbo modeCheats
Victory
Defeat
🇲🇽 Bengalis · Mexico
1239
+16
🇺🇸 Slavs · United States
1159
+19
🇺🇾 Mongols · Uruguay
1261
-19
🇺🇸 Britons · United States
1195
-16
Sanzy
7:47 Loom
13:15 Feudal Age
17:49 Castle Age
16:32 Double-Bit Axe
17:26 Stone Mining
26:10 Forging
26:31 Man-at-Arms
30:50 Gold Mining
32:37 Gold Shaft Mining
31:58 Long Swordsman
32:51 Elite Skirmisher
36:57 Horse Collar
38:08 Fletching
38:20 Padded Archer Armor
41:01 Wheelbarrow
40:49 Town Watch
40:51 Pikeman
41:55 Squires
41:58 Scale Mail Armor
42:34 Iron Casting
43:20 Bodkin Arrow
43:41 Chain Mail Armor
45:57 Leather Archer Armor
47:36 Hand Cart
49:51 Imperial Age
47:32 Heavy Plow
47:58 Bow Saw
47:52 Detinets
50:23 Scale Barding Armor
51:27 Ballistics
Setrakian
7:52 Loom
12:16 Feudal Age
12:33 Feudal Age
13:06 Double-Bit Axe
18:55 Castle Age
18:07 Bloodlines
19:33 Light Cavalry
20:03 Horse Collar
23:44 Bloodlines
26:55 Heavy Plow
27:14 Town Watch
28:56 Wheelbarrow
31:04 Scale Barding Armor
31:38 Gold Mining
32:18 Husbandry
34:14 Chain Barding Armor
34:42 Forging
36:14 Heavy Plow
38:07 Gold Shaft Mining
39:31 Iron Casting
42:57 Imperial Age
44:02 Conscription
44:04 Paiks
45:03 Plate Barding Armor
44:37 Elite Battle Elephant
IsabelSabe
8:13 Loom
9:13 Loom
13:45 Feudal Age
15:25 Double-Bit Axe
24:40 Castle Age
23:36 Fletching
24:25 Padded Archer Armor
25:05 Crossbowman
29:19 Ballistics
34:34 Bodkin Arrow
44:07 Imperial Age
43:44 Gold Mining
44:13 Leather Archer Armor
47:13 Arbalester
50:15 Chemistry
50:30 Town Watch
BOT [Quaa]
4:12 Loom
13:03 Feudal Age
15:21 Double-Bit Axe
18:27 Horse Collar
24:40 Scale Barding Armor
26:58 Castle Age
25:28 Fletching
25:51 Forging
29:57 Bodkin Arrow
35:55 Light Cavalry
37:55 Bloodlines
40:45 Husbandry
44:27 Imperial Age
42:54 Iron Casting
44:25 Chain Barding Armor
48:10 Bracer
Connection lost

Rejoining the realm…

Still unreachable

The connection could not be restored.

Session expired

The server has moved on; the page needs a fresh start.